 Dungeon Crawl Stone Soup version 0.20.0 (webtiles) character file.

278756 Danakh the Eclecticist (level 21, -15/126 HPs)
             Began as a Kobold Air Elementalist on June 1, 2017.
             Was a High Priest of Sif Muna.
             Demolished by an Ice Fiend (26 damage)
             ... summoned by a deep elf demonologist
             ... on level 3 of the Elven Halls.
             The game lasted 06:02:50 (62921 turns).

Danakh the Eclecticist (Kobold Air Elementalist)   Turns: 62921, Time: 06:02:51

Health: -15/126    AC: 15    Str: 10    XL:     21   Next: 29%
Magic:  41/53      EV: 24    Int: 25    God:    Sif Muna [*****.]
Gold:   540        SH:  0    Dex: 21    Spells: 2/58 levels left

rFire    + . .     SeeInvis +   w - staff of air
rCold    . . .     Gourm    .   (shield currently unavailable)
rNeg     . . .     Faith    .   f - +0 acid dragon scales
rPois    .         Spirit   .   g - +2 hat {MR+}
rElec    +         Reflect  .   S - +1 cloak
rCorr    +         Harm     .   X - +2 pair of gloves {archery}
MR       ++...                  m - +0 pair of boots
Stlth    ++++......             L - amulet of magic regeneration
Regen    1.4/turn               N - ring of magical power
MPRegen  0.5/turn               H - ring of Kurupago {Str+4 Dex+5 SInv}

@: regenerating, divine energy, deflect missiles
A: carnivore 3, fire resistance 1
}: 2/15 runes: decaying, gossamer
a: Stop Divine Energy, Channel Magic, Forget Spell, Renounce Religion


You were on level 3 of the Elven Halls.
You worshipped Sif Muna.
Sif Muna was extremely pleased with you.
You were completely stuffed.

You visited 7 branches of the dungeon, and saw 35 of its levels.
You also visited: Sewer.

You collected 3562 gold pieces.
You spent 3022 gold pieces at shops.

Inventory:

Hand Weapons
 a - the +6 long sword of the Swamp {freeze, MP+9}
   (You bought it in a shop on level 2 of the Orcish Mines)

   It has been specially enchanted to freeze those struck by it, causing extra
   injury to most foes and up to half again as much damage against particularly
   susceptible opponents.
   It can also slow down cold-blooded creatures.
   It affects your magic capacity (+9).
 q - the +5 eveningstar of Ikachao {protect, rC+}
   (You bought it in a shop on level 8 of the Dungeon)

   It protects the one who uses it against injury (+AC on strike).
   It protects you from cold.
Armour
 f - +0 acid dragon scales (worn)
 g - a +2 hat of magic resistance (worn)
 m - a +0 pair of boots (worn)
 M - +0 swamp dragon scales
 S - a +1 cloak (worn)
 X - a +2 pair of gloves of archery (worn)
Magical Staves
 w - an uncursed staff of air (weapon)
Jewellery
 z - an uncursed ring of resist corrosion
 C - an uncursed ring of protection from fire
 H - the ring of Kurupago (right hand) {Str+4 Dex+5 SInv}
   (You found it on level 8 of the Dungeon)

   [ring of see invisible]

   It affects your strength (+4).
   It affects your dexterity (+5).
   It lets you see invisible.
 L - an amulet of magic regeneration (around neck)
 N - a ring of magical power (left hand)
Wands
 p - a wand of iceblast (8/15)
 J - a wand of digging (12/24)
 Q - a wand of clouds (6/9)
 W - a wand of acid (4/15)
Scrolls
 b - 6 scrolls of fear
 d - 3 scrolls of amnesia
 t - 7 scrolls of identify
 y - 3 scrolls of vulnerability
 B - 8 scrolls of recharging
 D - 7 scrolls of blinking
 E - 6 scrolls of fog
 I - a scroll of enchant weapon
 P - 12 scrolls of remove curse
 R - 6 scrolls of magic mapping
 T - a scroll of summoning
 V - 6 scrolls of teleportation
Potions
 h - 6 potions of cancellation
 i - 11 potions of might
 j - 3 potions of berserk rage
 k - 8 potions of agility
 l - 7 potions of haste
 n - a potion of mutation
 o - a potion of magic
 s - 3 potions of flight
 u - 4 potions of brilliance
 v - 11 potions of heal wounds
 x - 20 potions of curing
 F - 3 potions of lignification
 G - 5 potions of ambrosia
 O - a potion of resistance
Books
 e - Sif Muna's Papyrus of Igneous Augmentations
   (Sif Muna gifted it to you on level 1 of the Elven Halls)

   Spells                             Type                      Level
   a - Throw Flame                    Conjuration/Fire             2
   b - Deflect Missiles               Charms/Air                   6
   c - Bolt of Fire                   Conjuration/Fire             6
   d - Ring of Flames                 Charms/Fire                  7
   e - Ignition                       Fire                         8
 A - Sif Muna's Incunabulum of Ensnaring Flight
   (Sif Muna gifted it to you on level 2 of the Elven Halls)

   Spells                             Type                      Level
   a - Dazzling Spray                 Conjuration/Hexes            3
   b - Portal Projectile              Hexes/Translocation          3
   c - Leda's Liquefaction            Hexes/Earth                  4
   d - Freezing Cloud                 Conjuration/Ice/Air          6
   e - Tornado                        Air                          9
Comestibles
 c - 19 meat rations
 r - 21 royal jellies
 K - 3 chunks of flesh


   Skills:
 + Level 11.8 Fighting
 + Level 4.9 Armour
 - Level 12.0 Dodging
 - Level 10.0 Stealth
 + Level 19.3 Spellcasting
 + Level 11.7 Conjurations
 + Level 19.1 Air Magic
 - Level 10.0 Invocations


You had 2 spell levels left.
You knew the following spells:

 Your Spells              Type           Power        Failure   Level  Hunger
a - Shock                 Conj/Air       ####         0%          1    None
b - Blink                 Tloc           N/A          4%          2    None
c - Mephitic Cloud        Conj/Pois/Air  #######.     1%          3    None
d - Conjure Flame         Conj/Fire      ######..     1%          3    None
e - Swiftness             Chrm/Air       #######.     1%          2    None
f - Airstrike             Air            ########..   0%          4    None
g - Lightning Bolt        Conj/Air       ########..   1%          5    None
h - Freezing Cloud        Conj/Ice/Air   #######...   6%          6    ###....
j - Chain Lightning       Conj/Air       ########..   32%         8    ######.
m - Force Lance           Conj/Tloc      ######..     2%          4    None
p - Apportation           Tloc           ###...       2%          1    None
r - Deflect Missiles      Chrm/Air       #######...   9%          6    ###....
s - Summon Lightning Spi  Summ/Air       #######.     1%          4    None
t - Regeneration          Chrm/Necr      ###.......   9%          3    None
x - Sticky Flame          Conj/Fire      ######..     2%          4    None


Dungeon Overview and Level Annotations

Branches:
Dungeon (15/15)            Temple (1/1) D:4            Lair (6/6) D:10
  Swamp (4/4) Lair:4       Spider (4/4) Lair:2        Slime (0/5) Lair:6
    Orc (2/2) D:11            Elf (3/3) Orc:2        Vaults (0/5) D:14
 Depths (0/5) D:15

Altars:
Ashenzari
Cheibriados
Dithmenos
Elyvilon
Fedhas
Gozag
Hepliaklqana
Kikubaaqudgha
Makhleb
Nemelex Xobeh
Okawaru
Qazlal
Ru
Sif Muna
Trog
Uskayaw
Vehumet
Xom
Yredelemnul
Zin
The Shining One
Beogh

Shops:
D:8 *%([   D:10 !   D:14 ?   Orc:2 !([%:   Elf:1 !   Elf:2 }   Elf:3 }


Innate Abilities, Weirdness & Mutations

You are small and have problems with some larger weapons.
You are carnivorous and can eat meat at any time.
Your flesh is heat resistant. (rF+)


Message History

Confirm with . or Enter, or press ? or * to list all spells.
Aiming: Lightning Bolt
Press: ? - help, Shift-Dir - straight line, f - red devil, p - deep elf demonologist
Aim: a red devil, wielding a demon trident of venom (summoned)
You feel a surge of power!
You hear a mighty clap of thunder!
The bolt of lightning hits the Ice Fiend.
The Ice Fiend is moderately wounded.
The bolt of lightning hits the hellion.
The hellion is moderately wounded.
The bolt of lightning hits the deep elf demonologist.
The deep elf demonologist is severely wounded.
The bolt of lightning hits the red devil.
The red devil is moderately wounded.
The Ice Fiend claws you! The Ice Fiend freezes you!!!
* * * LOW HITPOINT WARNING * * *
The Ice Fiend claws you!
* * * LOW HITPOINT WARNING * * *
The Ice Fiend freezes you!!
You die...

##...<........##.(.....#
#.............).....##.#
#.............##.##<##.#
#.#.....2..4..##.....).#
..........##.####.#.###
.##.....e###.# #.###.#
#.#..2## #.# ##.#..#
#..41## #.# ##.#.#
#...###@# #. ###.# ###
#.......# #.# #.......#
#.# #........ ...
#......). #.# #........
.# ######... ....# ...


You could see an Ice Fiend, a green death, a deep elf demonologist, a hellwing,
a hellion and a red devil.

Vanquished Creatures
  the Lernaean hydra (Swamp:4)
  A deep elf blademaster (Elf:2)
  Gastronok (D:8)
  Frances (Spider:2)
  3 thorn hunters
  7 emperor scorpions (Spider:4)
  2 ghost moths
  An orc warlord (Orc:2)
  Aizul (Swamp:2)
  The ghost of Raine357 the Warrior, a journeyman GrFi of Dithmenos (Swamp:3)
  Nessos (D:15)
  Azrael (D:14)
  3 entropy weavers (Spider:3)
  A spark wasp (Spider:3)
  Josephine (D:11)
  A yaktaur captain (D:15)
  4 vault guards (D:14)
  4 catoblepae
  14 hydras
  10 death yaks
  26 dancing weapons
  A tengu warrior (D:13)
  6 centaur warriors
  10 alligators
  3 two-headed ogres
  A queen ant (Spider:3)
  An orc high priest (Orc:2)
  20 deep elf knights
  7 spriggans
  10 swamp dragons
  5 unseen horrors
  A spriggan druid (Swamp:1)
  8 deep elf archers
  2 wizards
  An orc knight (Orc:1)
  5 shambling mangroves
  57 deep elf magi
  21 orb spiders
  2 oklob plants
  A salamander (shapeshifter) (D:15)
  4 ugly things
  16 wolf spiders
  3 manticores
  4 orc sorcerers (Orc:2)
  5 cyclopes
  2 moths of wrath (Spider:4)
  2 black mambas
  20 elephants
  3 torpor snails
  Joseph (D:7)
  21 spiny frogs
  3 gargoyles
  A freezing wraith (D:11)
  10 demonic crawlers
  5 rime drakes
  9 komodo dragons
  2 kobold demonologists
  6 polar bears
  A queen bee (D:15)
  9 trolls
  22 jumping spiders
  20 hornets
  3 meliai (D:15)
  5 tyrant leeches
  A hornet (shapeshifter) (D:14)
  10 bog bodies
  A hippogriff (shapeshifter) (D:13)
  4 blink frogs (Lair:6)
  14 hippogriffs
  A meliai zombie (D:11)
  32 slime creatures
  35 tarantellas
  A vampire (D:12)
  74 redbacks
  4 water elementals
  3 shadows
  6 air elementals
  5 wraiths
  58 yaks
  18 humans (D:14)
  A basilisk (Lair:3)
  2 hungry ghosts
  4 wyverns
  25 vampire mosquitoes
  7 fire elementals
  A steam dragon (Lair:4)
  12 insubstantial wisps
  5 wargs
  20 swamp worms
  23 soldier ants
  6 hell hounds
  6 porcupines
  Duvessa (D:4)
  17 water moccasins
  An acid dragon (D:15)
  A black bear (D:11)
  7 sky beasts
  36 orc warriors
  13 swamp drakes
  2 eyes of draining
  An ice beast (D:9)
  2 phantoms
  14 ogres
  4 necrophages
  6 centaurs
  32 wolves
  9 crocodiles
  4 big kobolds
  Blork the orc (Elf:2)
  22 bullfrogs
  3 gnoll sergeants
  2 wyvern zombies (D:9)
  An earth elemental (Elf:1)
  A wyvern skeleton (D:10)
  10 scorpions
  Dowan (D:5)
  25 killer bees
  9 jellies
  13 wights
  4 howler monkeys
  5 centaur zombies
  3 electric eels
  7 crimson imps
  2 bullfrog zombies
  A lava snake (D:14)
  4 bullfrog skeletons
  29 orc priests
  11 hounds
  41 orc wizards
  4 iguanas
  8 centaur skeletons
  35 worker ants
  A killer bee zombie (D:5)
  3 hound skeletons
  A worker ant zombie (D:6)
  11 gnolls
  9 adders
  9 river rats (Sewer)
  3 shadow imps
  An ooze (Sewer)
  3 worms (D:3)
  A dart slug (D:2)
  9 leopard geckos
  129 orcs
  4 ball pythons (Sewer)
  12 bats
  6 giant cockroaches
  6 goblins
  11 hobgoblins
  8 jackals
  27 kobolds
  4 quokkas
  9 frilled lizards
  A jackal skeleton (D:7)
  A leopard gecko skeleton (D:5)
  A leopard gecko zombie (D:5)
  20 rats
  A fire vortex (D:14)
1486 creatures vanquished.

Vanquished Creatures (collateral kills)
  2 emperor scorpions (Spider:4)
  The ghost of Caerwyn the Carver, a journeyman DsBe of Trog (Lair:2)
  2 hydras
  A death yak (Lair:6)
  2 alligators (Swamp:1)
  A shambling mangrove (Swamp:1)
  A wizard (D:14)
  An orc knight (Orc:2)
  3 ugly things (D:15)
  2 wolf spiders
  A centaur zombie (D:14)
  4 elephants (Lair:5)
  A spiny frog (Lair:5)
  A troll (D:13)
  A bog body (Swamp:1)
  A slime creature (D:12)
  3 tarantellas
  2 redbacks (Spider:4)
  6 yaks (Lair:6)
  A human (D:14)
  A vampire mosquito (Lair:4)
  A soldier ant (Spider:3)
  5 orc warriors (Orc:2)
  A crocodile (Lair:5)
  An orc priest (D:11)
  An orc wizard (Orc:2)
  6 orcs (Orc:2)
53 creatures vanquished.

Vanquished Creatures (others)
  Nikola (Swamp:1)
  A slime creature (D:7)
  An air elemental (Elf:3)
  A quokka (D:9)
  11 fungi
  15 plants
30 creatures vanquished.

Grand Total: 1569 creatures vanquished

Notes
Turn   | Place    | Note
-------+----------+-------------------------------------------
     0 | D:1      | Danakh the Kobold Air Elementalist began the quest for the Orb.
     0 | D:1      | Reached XP level 1. HP: 10/10 MP: 3/3
    18 | D:1      | Found a snail-covered altar of Cheibriados.
   435 | D:1      | Reached XP level 2. HP: 15/15 MP: 3/5
   630 | D:2      | Found an iron altar of Okawaru.
   649 | D:2      | Found a stormy altar of Qazlal.
  1087 | D:2      | Found a sacrificial altar of Ru.
  1125 | D:2      | Reached XP level 3. HP: 19/19 MP: 3/6
  1366 | D:2      | Learned a level 2 spell: Swiftness
  1712 | D:2      | Reached XP level 4. HP: 24/24 MP: 0/8
  2076 | D:3      | Reached XP level 5. HP: 25/28 MP: 3/9
  2159 | D:3      | Found a glowing drain.
  2221 | Sewer    | Entered a sewer
  2430 | Sewer    | Learned a level 4 spell: Airstrike
  2597 | Sewer    | Noticed a big kobold
  2640 | Sewer    | Killed a big kobold
  2640 | Sewer    | Reached XP level 6. HP: 18/32 MP: 0/11
  3827 | D:3      | Found a hazy altar of Hepliaklqana.
  4176 | D:3      | Reached XP level 7. HP: 36/36 MP: 10/13
  4634 | D:4      | Reached skill level 5 in Stealth
  4642 | D:4      | Found a burning altar of Makhleb.
  4970 | D:4      | Found a staircase to the Ecumenical Temple.
  4979 | Temple   | Entered the Ecumenical Temple
  5026 | Temple   | Became a worshipper of Sif Muna the Loreminder
  5183 | D:5      | Entered Level 5 of the Dungeon
  5572 | D:5      | Reached skill level 5 in Air Magic
  5629 | D:5      | Reached skill level 5 in Spellcasting
  5751 | D:5      | Noticed Dowan
  5754 | D:5      | Noticed Duvessa
  5754 | D:5      | Killed Dowan
  5754 | D:5      | Reached XP level 8. HP: 41/41 MP: 2/15
  7398 | D:5      | Reached skill level 1 in Invocations
  7537 | D:6      | Found a basalt altar of Yredelemnul.
  7815 | D:6      | Reached * piety under Sif Muna
  8345 | D:6      | Reached skill level 5 in Dodging
  8442 | D:7      | Reached XP level 9. HP: 46/46 MP: 2/18
  8565 | D:7      | Learned a level 5 spell: Lightning Bolt
  8623 | D:7      | Gained mutation: Your flesh is heat resistant. (rF+) [mutagenic meat]
  8823 | D:7      | Noticed Joseph
  9241 | D:7      | Noticed a hippogriff
  9245 | D:7      | Killed a hippogriff
  9245 | D:7      | Reached ** piety under Sif Muna
  9404 | D:7      | Found a sparkling altar of Nemelex Xobeh.
  9712 | D:7      | Found an opulent altar of Gozag.
 10513 | D:8      | Found Negh's Food Shop.
 10513 | D:8      | Noticed a slime creature
 10516 | D:8      | Noticed a slime creature
 10516 | D:8      | Noticed a slime creature
 10517 | D:8      | Noticed a slime creature
 10540 | D:8      | Killed a slime creature
 10704 | D:8      | Killed a slime creature
 10704 | D:8      | Reached XP level 10. HP: 39/51 MP: 5/22
 11179 | D:8      | Found a radiant altar of Vehumet.
 11539 | D:8      | Found Lish's Assorted Antiques.
 11543 | D:8      | Bought a hardcover book for 345 gold pieces
 11610 | D:8      | Found Tiqa's Antique Armour Boutique.
 11648 | D:8      | Reached *** piety under Sif Muna
 11747 | D:8      | Noticed Gastronok
 11804 | D:8      | Reached skill level 1 in Fighting
 12288 | D:8      | Got a flickering golden ring
 12289 | D:8      | Identified the ring of Kurupago {Str+4 Dex+5 SInv} (You found it on level 8 of the Dungeon)
 12355 | D:8      | Found Geocanug's Antique Weapon Emporium.
 13151 | D:7      | Killed Joseph
 13616 | D:9      | Found a blossoming altar of Fedhas.
 13714 | D:9      | Noticed a deep elf mage
 13719 | D:9      | Killed a deep elf mage
 14539 | D:9      | Reached XP level 11. HP: 59/59 MP: 10/24
 15253 | D:9      | Found a white marble altar of Elyvilon.
 15701 | D:9      | Reached skill level 10 in Spellcasting
 15701 | D:9      | Reached skill level 5 in Invocations
 15703 | D:9      | Reached skill level 10 in Air Magic
 15739 | D:9      | Reached **** piety under Sif Muna
 16280 | D:9      | Found an ancient bone altar of Kikubaaqudgha.
 16459 | D:4      | Killed Duvessa
 17472 | D:8      | Killed Gastronok
 17525 | D:10     | Entered Level 10 of the Dungeon
 17942 | D:10     | Noticed a seven-headed hydra
 17956 | D:10     | Killed a seven-headed hydra
 17956 | D:10     | Reached XP level 12. HP: 50/67 MP: 0/26
 18336 | D:10     | Noticed an unseen horror
 18340 | D:10     | Killed an unseen horror
 18468 | D:10     | Found Debaufemp's Distillery.
 19318 | D:10     | Noticed a two-headed ogre
 19479 | D:10     | Killed a two-headed ogre
 19479 | D:10     | Reached skill level 5 in Fighting
 19666 | D:10     | Found a staircase to the Lair.
 21386 | D:11     | Reached ***** piety under Sif Muna
 21445 | D:11     | Noticed an unseen horror
 21449 | D:11     | Killed an unseen horror
 21616 | D:11     | Noticed Josephine
 21807 | D:11     | Killed Josephine
 21807 | D:11     | Reached skill level 10 in Stealth
 21807 | D:11     | Reached XP level 13. HP: 63/74 MP: 0/28
 21989 | D:11     | Found a staircase to the Orcish Mines.
 22064 | D:10     | Received a gift from Sif Muna
 22072 | D:10     | Learned a level 4 spell: Summon Lightning Spire
 22079 | D:10     | Learned a level 6 spell: Deflect Missiles
 22399 | D:11     | Noticed a seven-headed hydra
 22658 | D:11     | Got a blackened war axe
 22659 | D:11     | Identified the +8 war axe "Mijothru" {flame, rF- Str+5} (You found it on level 11 of the Dungeon)
 22727 | D:11     | Killed a seven-headed hydra
 22946 | Orc:1    | Entered Level 1 of the Orcish Mines
 23112 | Orc:1    | Found a roughly hewn altar of Beogh.
 23975 | D:8      | Bought a pitted trident for 238 gold pieces
 23975 | D:8      | Identified the +5 trident of Disembowelment {antimagic, +Rage Int+4 Dex+6} (You bought it in a shop on level 8 of the Dungeon)
 24096 | Orc:2    | Entered Level 2 of the Orcish Mines
 24181 | Orc:2    | Found a staircase to the Elven Halls.
 24182 | Orc:2    | Found Wubbomez's Book Shoppe.
 24255 | Orc:2    | Found a roughly hewn altar of Beogh.
 24394 | Orc:2    | Found a roughly hewn altar of Beogh.
 24929 | Orc:2    | Found a roughly hewn altar of Beogh.
 25847 | Orc:2    | Noticed an orc warlord
 26734 | Orc:2    | Found a roughly hewn altar of Beogh.
 26902 | Orc:2    | Killed an orc warlord
 27109 | Orc:2    | Found a roughly hewn altar of Beogh.
 27109 | Orc:2    | Found Kickuse's Antique Weapon Emporium.
 27110 | Orc:2    | Found Umodum's Antique Armour Shoppe.
 27136 | Orc:2    | Bought a dazzling ring mail for 189 gold pieces
 27142 | Orc:2    | Bought a pitted long sword for 340 gold pieces
 27153 | Orc:2    | Identified the +2 ring mail "Nitamou" {Dex+7} (You bought it in a shop on level 2 of the Orcish Mines)
 27153 | Orc:2    | Identified the +6 long sword of the Swamp {freeze, MP+9} (You bought it in a shop on level 2 of the Orcish Mines)
 27540 | Orc:2    | Found a roughly hewn altar of Beogh.
 27620 | Orc:2    | Found a roughly hewn altar of Beogh.
 27624 | Orc:2    | Found Mir Exuesh's Food Emporium.
 28237 | Orc:2    | Found a roughly hewn altar of Beogh.
 28247 | Orc:2    | Found Boifumi's Distillery.
 28397 | Orc:2    | Found a bloodstained altar of Trog.
 29034 | Orc:1    | Identified Sif Muna's Disquisition on Darkness and Air (Sif Muna gifted it to you on level 1 of the Orcish Mines)
 29034 | Orc:1    | Received a gift from Sif Muna
 29040 | Orc:1    | Learned a level 3 spell: Mephitic Cloud
 29113 | Lair:1   | Entered Level 1 of the Lair of Beasts
 29119 | D:10     | Reached XP level 14. HP: 82/82 MP: 2/30
 29311 | D:10     | Reached skill level 10 in Dodging
 29904 | Lair:1   | You fall through a shaft!
 30349 | Lair:2   | Found a hole to the Spider Nest.
 30370 | Lair:2   | Learned a level 1 spell: Apportation
 30376 | Lair:2   | Found a shadowy altar of Dithmenos.
 30401 | Lair:2   | Noticed Caerwyn's ghost (journeyman DsBe)
 30711 | Lair:2   | Killed Caerwyn's ghost
 32337 | Lair:3   | Learned a level 3 spell: Conjure Flame
 32949 | D:10     | Bought a potion of experience for 500 gold pieces
 32949 | D:10     | Reached XP level 15. HP: 89/89 MP: 32/32
 33040 | Lair:4   | Received a gift from Sif Muna
 33080 | Lair:4   | Learned a level 4 spell: Force Lance
 33697 | Lair:4   | Found a staircase to the Swamp.
 34739 | Lair:4   | Reached skill level 5 in Conjurations
 34886 | Lair:4   | Reached XP level 16. HP: 90/96 MP: 32/34
 35729 | Lair:5   | Learned a level 6 spell: Freezing Cloud
 36085 | Lair:6   | Entered Level 6 of the Lair of Beasts
 36429 | Lair:6   | Received a gift from Sif Muna
 36527 | Lair:6   | Found a staircase to the Slime Pits.
 36544 | Lair:6   | Reached skill level 10 in Fighting
 36590 | Lair:6   | Reached skill level 15 in Spellcasting
 36992 | Lair:6   | Reached skill level 15 in Air Magic
 37887 | Lair:3   | Learned a level 2 spell: Blink
 37892 | Lair:3   | Learned a level 4 spell: Sticky Flame
 38565 | D:12     | Found Lis Edap's Antique Armour Shoppe.
 39347 | D:13     | Received a gift from Sif Muna
 39350 | D:13     | Identified Sif Muna's Compendium of the Frigorific Traveller (Sif Muna gifted it to you on level 13 of the Dungeon)
 39924 | D:13     | Reached XP level 17. HP: 102/102 MP: 35/36
 40597 | D:14     | Noticed Azrael
 40775 | D:14     | Killed Azrael
 41742 | D:14     | Found a gate to the Vaults.
 41883 | D:14     | Found Diodwah's Magic Scroll Shoppe.
 41930 | D:15     | Entered Level 15 of the Dungeon
 41937 | D:15     | Identified Sif Muna's Guide on Black Magic and Confrontation (Sif Muna gifted it to you on level 15 of the Dungeon)
 41937 | D:15     | Received a gift from Sif Muna
 42371 | D:15     | Noticed Nessos
 42389 | D:15     | Killed Nessos
 43043 | D:15     | Found a staircase to the Depths.
 43722 | D:10     | Bought a potion of curing for 30 gold pieces
 43722 | D:10     | Bought a potion of heal wounds for 50 gold pieces
 43722 | D:10     | Bought a potion of ambrosia for 80 gold pieces
 43722 | D:10     | Bought a potion of curing for 30 gold pieces
 43722 | D:10     | Bought a potion of brilliance for 40 gold pieces
 43722 | D:10     | Bought a potion of curing for 30 gold pieces
 43722 | D:10     | Bought a potion of curing for 30 gold pieces
 43796 | D:8      | Bought a translucent eveningstar for 560 gold pieces
 43796 | D:8      | Identified the +5 eveningstar of Ikachao {protect, rC+} (You bought it in a shop on level 8 of the Dungeon)
 43941 | Elf:1    | Entered Level 1 of the Elven Halls
 43941 | Elf:1    | Found Erritet's Distillery.
 43955 | Elf:1    | Reached skill level 10 in Invocations
 44214 | Swamp:1  | Entered Level 1 of the Swamp
 44219 | Swamp:1  | Got an obsidian-encrusted ring mail
 44230 | Swamp:1  | Identified the +4 ring mail "Zulua" {Int+3} (You found it on level 1 of the Swamp)
 45194 | Swamp:1  | Received a gift from Sif Muna
 45194 | Swamp:1  | Reached XP level 18. HP: 99/107 MP: 30/38
 45975 | Swamp:2  | Noticed Nikola
 46000 | Swamp:1  | Killed Nikola
 46147 | Swamp:2  | Noticed Aizul
 46354 | Swamp:2  | Killed Aizul
 47196 | Swamp:3  | Noticed Raine357's ghost (journeyman GrFi)
 48384 | Swamp:3  | Killed Raine357's ghost
 48441 | Swamp:4  | Entered Level 4 of the Swamp
 48636 | Swamp:4  | Identified Sif Muna's Volume of Harmful Envenoming (Sif Muna gifted it to you on level 4 of the Swamp)
 48636 | Swamp:4  | Received a gift from Sif Muna
 49419 | Swamp:4  | Noticed the 27-headed Lernaean hydra
 49521 | Swamp:4  | Killed the 27-headed Lernaean hydra
 49610 | Swamp:4  | Reached XP level 19. HP: 109/112 MP: 24/40
 49858 | Swamp:4  | Reached skill level 10 in Conjurations
 49938 | Swamp:4  | Got a decaying rune of Zot
 50497 | Spider:1 | Entered Level 1 of the Spider Nest
 51346 | Spider:1 | Identified Sif Muna's Tome of Aerial Companions (Sif Muna gifted it to you on level 1 of the Spider Nest)
 51346 | Spider:1 | Received a gift from Sif Muna
 52334 | Spider:2 | Noticed Frances
 52366 | Spider:2 | Killed Frances
 52408 | Spider:2 | Reached skill level 1 in Armour
 54277 | Spider:4 | Entered Level 4 of the Spider Nest
 54763 | Spider:3 | HP: 5/112 [poisoned by a redback]
 54768 | Spider:3 | HP: 4/112 [poisoned by a redback]
 54774 | Spider:3 | HP: 3/112 [poisoned by a redback]
 54782 | Spider:3 | HP: 4/112 [poisoned by a redback]
 55072 | Spider:3 | Identified Sif Muna's Catalogue of Calling and the Glacier (Sif Muna gifted it to you on level 3 of the Spider Nest)
 55072 | Spider:3 | Received a gift from Sif Muna
 55078 | Spider:3 | Learned a level 3 spell: Regeneration
 56195 | Spider:3 | Reached XP level 20. HP: 84/118 MP: 38/42
 58055 | Spider:4 | Got a gossamer rune of Zot
 58380 | Orc:2    | Bought a potion of haste for 160 gold pieces
 58380 | Orc:2    | Bought a potion of heal wounds for 80 gold pieces
 58380 | Orc:2    | Bought a potion of heal wounds for 80 gold pieces
 58380 | Orc:2    | Bought a potion of heal wounds for 80 gold pieces
 58380 | Orc:2    | Bought a potion of resistance for 160 gold pieces
 58557 | D:10     | Learned a level 8 spell: Chain Lightning
 59080 | Elf:1    | Identified Sif Muna's Papyrus of Igneous Augmentations (Sif Muna gifted it to you on level 1 of the Elven Halls)
 59080 | Elf:1    | Received a gift from Sif Muna
 61235 | Elf:2    | Noticed Blork the orc
 61239 | Elf:2    | Killed Blork the orc
 61247 | Elf:2    | Found a deep blue altar of Sif Muna.
 61306 | Elf:2    | Found a runed gate.
 61306 | Elf:2    | Found a runed gate.
 61307 | Elf:2    | Found a runed gate.
 61440 | Elf:2    | Found Keusei's Gadget Emporium.
 61717 | Elf:2    | Identified Sif Muna's Incunabulum of Ensnaring Flight (Sif Muna gifted it to you on level 2 of the Elven Halls)
 61717 | Elf:2    | Received a gift from Sif Muna
 61717 | Elf:2    | Reached XP level 21. HP: 125/125 MP: 11/44
 62392 | Elf:3    | Entered Level 3 of the Elven Halls
 62805 | Elf:3    | Found Upairch's Gadget Emporium.
 62921 | Elf:3    | Demolished by an Ice Fiend

Skill      XL: |  1  2  3  4  5  6  7  8  9 10 11 12 13 14 15 16 17 18 19 20 21 |
---------------+----------------------------------------------------------------+-----
Stealth        | 3 4 5 6 7 8 10 | 10.0
Conjurations   | 2 3 5 6 8 9 10 11 | 11.7
Spellcasting   | 3 4 5 6 8 9 10 11 12 13 14 15 16 17 18 19 | 19.3
Dodging        | 3 4 5 6 7 8 9 10 11 12 | 12.0
Air Magic      | 4 5 6 8 9 10 11 12 13 14 15 16 17 18 19 | 19.1
Invocations    | 2 3 4 5 6 8 9 10 | 10.0
Fighting       | 2 4 5 7 8 9 10 11 | 11.8
Armour         | 2 4 |  4.9

Action                   |  1- 3 |  4- 6 |  7- 9 | 10-12 | 13-15 | 16-18 | 19-21 || total
-------------------------+-------+-------+-------+-------+-------+-------+-------++-------
Melee: Short sword       |     2 |     7 |       |       |       |       |       ||     9
       Whip              |       |       |    12 |    43 |       |       |       ||    55
       Broad axe         |       |       |       |    13 |    48 |       |       ||    61
       Long sword        |       |       |       |       |    66 |   207 |    96 ||   369
       Eveningstar       |       |       |       |       |       |       |    50 ||    50
       Staff             |       |       |       |       |       |       |     9 ||     9
 Cast: Shock             |    72 |   183 |   205 |    90 |     3 |       |       ||   553
       Airstrike         |       |       |    91 |   361 |   512 |  1026 |   919 ||  2909
       Swiftness         |       |       |     3 |     4 |       |     1 |     1 ||     9
       Lightning Bolt    |       |       |       |    37 |    88 |    79 |   108 ||   312
       Summon Lightning  |       |       |       |       |    19 |    35 |    12 ||    66
       Mephitic Cloud    |       |       |       |       |     1 |       |       ||     1
       Conjure Flame     |       |       |       |       |     8 |    21 |     8 ||    37
       Freezing Cloud    |       |       |       |       |       |    30 |    25 ||    55
       Deflect Missiles  |       |       |       |       |       |     5 |     3 ||     8
       Force Lance       |       |       |       |       |       |     6 |       ||     6
       Sticky Flame      |       |       |       |       |       |     2 |     8 ||    10
       Regeneration      |       |       |       |       |       |       |    15 ||    15
       Blink             |       |       |       |       |       |       |     3 ||     3
Invok: Divine Energy     |       |       |     3 |    13 |    16 |    12 |    19 ||    63
       Stop Divine Energ |       |       |     3 |    12 |    17 |    12 |    18 ||    62
       Channel Magic     |       |       |       |     2 |       |     5 |       ||     7
Evoke: Wand              |       |       |       |       |     1 |     2 |       ||     3
  Use: Potion            |       |     1 |       |     2 |     2 |     1 |     7 ||    13
       Scroll            |       |    12 |     1 |    12 |     8 |     9 |     1 ||    43
 Stab: Distracted        |       |       |       |       |       |     3 |     3 ||     6
       Sleeping          |       |       |       |       |       |       |     1 ||     1
  Eat: Chunk             |     5 |    14 |    28 |    58 |    53 |    57 |    36 ||   251
       Royal jelly       |       |       |       |     1 |       |       |       ||     1
       Meat ration       |       |       |       |       |       |       |     2 ||     2
Armor: Robe              |     6 |    16 |     2 |       |       |       |       ||    24
       Leather armour    |       |       |     4 |     8 |       |       |       ||    12
       Troll leather arm |       |       |       |    27 |    38 |    95 |       ||   160
       Acid dragon scale |       |       |       |       |       |    11 |    46 ||    57
       Ring mail         |       |       |       |       |       |    10 |       ||    10
       Swamp dragon scal |       |       |       |       |       |     7 |   225 ||   232
Dodge: Dodged            |    13 |    54 |    70 |   202 |   331 |   583 |   742 ||  1995
       Deflected         |       |       |       |       |       |    25 |    24 ||    49
       Rpst.: Long sword |       |       |       |       |    72 |   111 |   109 ||   292
